Map: Orbital Shipyard

Players

Mello - Winner!

  • Race: Terran Terran
  • League: Master

Lemonparty

  • Race: Protoss Protoss
  • League: Diamond

VOD

Have the link to the VOD?

Description

Time

  • Played on: Nov. 25, 2015, 1:06 p.m.
  • Length: 18:35
Show
View Real Time Build Order
Export as new Build Order

Mello Terran - Winner!

Build Orders: Reaper Expand, MMM Bio 

Get SALT Encoding   

  12  0:01  SCV  
  13  0:13  SCV  
  14  0:17  Supply Depot  
  14  0:25  SCV  
  15  0:39  SCV  
  15  0:42  Barracks  
  16  0:46  Refinery  
  16  0:51  SCV  
  17  1:03  SCV  
  18  1:15  SCV  
  19  1:29  Orbital Command  
  19  1:32  Reaper  
  20  1:43  Command Center  
  20  1:58  Supply Depot  
  20  2:00  SCV  
  21  2:04  Barracks Reactor  
  21  2:12  SCV  
  22  2:18  Refinery  
  22  2:24  SCV  
  23  2:36  SCV  
  23  2:41  Factory  
  23  2:42  Marine x2  
  25  2:45  Supply Depot  
  25  2:48  SCV  
  26  2:55  Orbital Command  
  26  3:00  SCV, Marine x2  
  28  3:14  SCV  
  28  3:18  Marine x2  
  31  3:24  SCV  
  31  3:25  Widow Mine  
  31  3:26  SCV  
  35  3:32  Command Center  
  35  3:36  Marine x2  
  35  3:40  SCV x2  
  39  3:52  SCV x2  
  40  3:58  Widow Mine  
  40  4:00  Marine x2  
  44  4:04  SCV  
  44  4:05  SCV  
  46  4:16  SCV  
  46  4:17  SCV  
  48  4:19  Marine x2  
  48  4:24  Engineering Bay, Barracks  
  50  4:25  Engineering Bay  
  50  4:27  Barracks  
  50  4:28  SCV  
  50  4:29  SCV  
  52  4:33  Factory Tech Lab  
  52  4:37  Marine x2  
  54  4:41  Supply Depot  
  54  4:44  SCV x2, Orbital Command  
  56  4:54  Terran Infantry Weapons Level 1, Terran Infantry Armor Level 1  
  56  5:00  SCV x2  
  56  5:03  Marine x2  
  56  5:05  Factory Tech Lab  
  60  5:11  Orbital Command  
  60  5:13  Starport  
  60  5:18  SCV x2  
  60  5:19  Refinery  
  60  5:20  Refinery  
  62  5:21  Marine x2  
  62  5:22  Barracks  
  62  5:23  Barracks  
  64  5:30  SCV x2  
  64  5:31  Factory Reactor  
  64  5:32  Supply Depot  
  66  5:37  SCV  
  66  5:39  Combat Shields  
  66  5:40  Stimpack  
  66  5:42  SCV x2  
  69  5:49  SCV  
  70  5:54  SCV  
  70  5:55  SCV  
  72  5:57  Marine x2  
  72  5:58  Marauder x2  
  72  6:01  SCV  
  79  6:04  Armory  
  79  6:06  SCV  
  79  6:07  SCV  
  81  6:14  SCV  
  81  6:16  Supply Depot  
  81  6:17  Supply Depot x2  
  82  6:19  SCV x2  
  82  6:23  Barracks Tech Lab  
  82  6:24  Barracks Reactor, Factory Reactor  
  84  6:26  Marine  
  85  6:38  Marauder, SCV, Medivac x2, Marine  
  85  6:39  SCV x2, Marauder  
  97  6:40  Supply Depot  
  97  6:43  Supply Depot  
  97  6:44  Marauder  
  99  6:50  SCV  
  99  6:51  SCV x2, Terran Infantry Weapons Level 2, Terran Infantry Armor Level 2  
  99  6:53  Marine  
  103  7:02  Widow Mine x2  
  103  7:03  Bunker, Missile Turret  
  103  7:05  Marine  
  103  7:06  Marine x2, Marauder x3  
  103  7:08  SCV x3  
  119  7:20  SCV x3  
  119  7:22  Medivac  
  124  7:26  Refinery x2  
  124  7:35  Supply Depot x2  
  124  7:36  Supply Depot  
  124  7:38  Starport  
  124  7:39  Barracks  
  124  7:40  Command Center  
  124  7:42  SCV, Liberator x2  
  125  7:44  Barracks  
  125  7:48  SCV x2  
  129  7:53  Concussive Shells  
  129  7:54  Marauder x2  
  129  7:56  Widow Mine x2  
  129  7:57  SCV, Marauder, Marine x4  
  144  8:00  SCV x2  
  150  8:11  Supply Depot  
  150  8:12  Terran Ship Weapons Level 1  
  150  8:13  Supply Depot  
  150  8:15  Supply Depot  
  150  8:16  Starport Reactor  
  150  8:25  Marine x4  
  150  8:26  Marauder  
  156  8:32  Supply Depot, Marauder x2, Widow Mine x2  
  156  8:33  Supply Depot  
  156  8:34  Supply Depot, Barracks Tech Lab x2  
  164  8:36  Ghost Academy  
  164  8:43  Marine  
  164  8:44  Marine  
  164  8:47  Marine, Marauder  
  164  8:48  Marine  
  170  8:51  Medivac x2  
  170  8:54  Marauder x2  
  178  9:03  Liberator x2  
  178  9:06  Liberator  
  178  9:13  Ghost x3  
  178  9:15  Marine x4  
  197  9:26  Marauder  
  199  9:45  Missile Turret  
  199  9:46  Missile Turret  
  199  9:47  Terran Infantry Weapons Level 3  
  199  9:51  Missile Turret  
  199  9:54  Terran Infantry Armor Level 3  
  199  10:03  Planetary Fortress  
  199  10:18  Liberator  
  199  10:20  Marauder  
  199  10:21  Marine x4, Marauder x4  
  126  10:34  Widow Mine x2  
  126  10:35  Liberator  
  120  10:36  Liberator  
  120  10:39  Marine x4  
  120  10:42  Marauder x5  
  123  10:57  Marine x4  
  129  11:03  Marauder x2, Marine x3  
  137  11:08  Medivac  
  132  11:14  Marine x2  
  132  11:15  Marine x2  
  132  11:18  Medivac, Liberator  
  130  11:19  Liberator  
  130  11:21  Marine x3  
  130  11:24  Marine x2  
  127  11:28  Widow Mine x2  
  127  11:32  Marine x3  
  132  11:33  Marine  
  132  11:39  Marauder x2, Marine  
  146  11:42  Marine x2  
  146  11:43  Command Center  
  148  11:48  Medivac  
  148  11:50  Marine x4  
  148  11:51  Medivac  
  156  11:57  Marine  
  156  12:00  Marine x4  
  161  12:08  Marine x3  
  160  12:15  Marauder, Marine  
  159  12:18  Marauder x4  
  158  12:26  Marine x3  
  152  12:33  Liberator, Marine  
  152  12:34  Liberator x2  
  152  12:35  Liberator  
  152  12:36  Marauder  
  143  12:39  Marauder  
  143  12:40  Marauder x3  
  143  12:43  Marine  
  143  12:44  Marine x2  
  140  12:58  Marauder  
  145  13:01  Marauder x4  
  146  13:10  Marine x3  
  146  13:11  Marine  
  145  13:19  Marauder  
  146  13:22  Marauder x4  
  151  13:28  Marine x2  
  151  13:33  Medivac  
  151  13:34  Marine x2, Viking, Medivac  
  151  13:40  Marauder  
  149  13:44  Marauder x4  
  149  13:46  Marine x2  
  159  13:57  Marine x2  
  159  14:02  Marauder  
  159  14:04  Marine x2  
  159  14:05  Marauder x4  
  169  14:15  Marine x2  
  171  14:21  Marine  
  171  14:22  Marine  
  171  14:23  Marauder  
  175  14:26  Marauder x2, Marine  
  175  14:27  Marauder  
  123  14:31  Viking x4  
  171  14:33  Marine x2  
  165  14:43  Orbital Command  
  165  14:44  Marauder, Widow Mine x2  
  150  15:02  Marine  
  150  15:03  Marauder x4, Marine x3  
  150  15:05  Marine  
  145  15:19  Medivac  
  145  15:20  Marine x3, Viking, Medivac x2  
  145  15:21  Marine  
  147  15:24  Marauder x3  
  147  15:32  Liberator  
  141  15:38  Marine x3  
  141  15:39  Marauder x2  
  142  15:45  Marauder  
  142  15:46  Marauder  
  149  15:50  Marauder, Marine, Medivac x2  
  149  15:56  Marine x2  
  154  16:00  Marauder x2  
  158  16:06  Marauder, Marine  
  158  16:07  Marauder  
  158  16:08  Marine  
  160  16:12  Marauder  
  157  16:21  Marauder, Medivac x3  
  157  16:22  Marauder  
  161  16:28  Marine x2, Marauder x2  
  161  16:29  Marine  
  150  16:33  Marauder  
  150  16:37  Marine  
  145  16:43  Marauder x2  
  145  16:46  Marine  
  146  16:49  Marauder  
  146  16:50  Marauder  
  143  16:54  Marauder  
  143  16:58  Liberator  
  144  17:03  Reaper  
  144  17:04  Marine  
  144  17:05  Marauder x2, Marine x2  
  144  17:06  Medivac x3  
  144  17:10  Marine  
  144  17:14  Marauder  
  144  17:16  Marauder  
Show
View Real Time Build Order
Export as new Build Order

Lemonparty Protoss 

Build Orders: Colossus Rush 

Get SALT Encoding   

  12  0:01  Probe (Chrono Boost)  
  13  0:12  Probe (Chrono Boost)  
  14  0:19  Pylon  
  14  0:22  Probe (Chrono Boost)  
  15  0:37  Probe (Chrono Boost)  
  15  0:41  Gateway  
  16  0:47  Assimilator  
  16  0:48  Probe (Chrono Boost)  
  17  0:58  Probe (Chrono Boost)  
  17  1:03  Pylon  
  18  1:09  Probe (Chrono Boost)  
  19  1:19  Probe (Chrono Boost)  
  20  1:30  Cybernetics Core, Probe (Chrono Boost)  
  21  1:48  Nexus  
  21  1:53  Assimilator  
  22  1:54  Probe (Chrono Boost)  
  22  2:06  Adept (Chrono Boost)  
  24  2:11  Mothership Core (Chrono Boost)  
  26  2:20  Warp Gate  
  26  2:26  Pylon  
  26  2:32  Probe (Chrono Boost)  
  27  2:42  Robotics Facility  
  27  2:43  Probe (Chrono Boost)  
  28  2:51  Stalker  
  30  2:53  Probe (Chrono Boost)  
  31  3:01  Probe (Chrono Boost)  
  31  3:04  Probe (Chrono Boost)  
  33  3:12  Probe (Chrono Boost)  
  34  3:14  Probe (Chrono Boost)  
  34  3:18  Assimilator  
  35  3:22  Probe (Chrono Boost)  
  35  3:25  Probe (Chrono Boost)  
  37  3:29  Robotics Bay  
  37  3:33  Probe (Chrono Boost)  
  38  3:35  Probe (Chrono Boost)  
  39  3:43  Probe (Chrono Boost)  
  39  3:46  Probe (Chrono Boost)  
  41  3:49  Gateway x2  
  41  3:50  Observer (Chrono Boost)  
  41  3:52  Probe  
  41  3:58  Probe  
  42  4:03  Probe  
  42  4:06  Assimilator  
  42  4:09  Observer (Chrono Boost)  
  44  4:11  Probe  
  44  4:16  Probe  
  45  4:19  Pylon  
  45  4:23  Probe, Pylon, Colossus (Chrono Boost)  
  47  4:27  Probe  
  54  4:37  Probe  
  55  4:38  Probe  
  55  4:40  Pylon  
  55  4:44  Extended Thermal Lance (Chrono Boost)  
  56  4:49  Probe  
  56  4:50  Probe  
  58  4:52  Zealot  
  58  4:54  Zealot  
  62  5:01  Probe  
  62  5:03  Pylon  
  62  5:07  Colossus, Pylon  
  69  5:27  Nexus  
  69  5:29  Pylon  
  69  5:37  Forge  
  69  5:40  Twilight Council  
  69  5:42  Probe  
  70  5:43  Pylon  
  70  5:44  Probe  
  71  5:55  Probe (Chrono Boost)  
  72  5:58  Probe (Chrono Boost), Protoss Ground Armor Level 1 (Chrono Boost)  
  73  6:06  Probe (Chrono Boost)  
  73  6:07  Probe (Chrono Boost), Gateway  
  73  6:10  Gateway  
  75  6:12  Gateway  
  75  6:13  Charge (Chrono Boost)  
  75  6:18  Probe  
  76  6:28  Templar Archives  
  76  6:31  Gateway x2  
  76  6:34  Probe  
  76  6:35  Probe  
  78  6:42  Gateway  
  78  6:47  Adept x3  
  78  6:49  Probe  
  78  6:50  Probe  
  86  6:57  Forge  
  86  6:59  Psionic Storm  
  86  7:00  Pylon  
  86  7:05  Photon Cannon  
  86  7:10  Gateway  
  86  7:18  Probe x3  
  88  7:23  Assimilator  
  88  7:25  Pylon  
  88  7:27  Observer  
  88  7:28  High Templar  
  88  7:29  High Templar  
  93  7:30  Probe x2  
  93  7:31  High Templar x2  
  93  7:36  Assimilator  
  99  7:37  Zealot x4  
  107  7:44  High Templar  
  109  7:53  Pylon  
  109  7:59  Protoss Ground Armor Level 2 (Chrono Boost), Protoss Ground Weapons Level 1 (Chrono Boost)  
  109  8:06  Zealot x4  
  109  8:07  Zealot x5  
  109  8:10  Blink  
  127  8:20  Pylon x2  
  127  8:25  Pylon  
  127  8:31  Zealot  
  129  8:35  High Templar x2  
  129  8:36  Zealot x4  
  129  8:40  Pylon  
  141  8:46  High Templar  
  143  8:49  Pylon  
  143  8:53  Nexus  
  143  8:56  Pylon  
  143  8:58  Zealot  
  145  9:05  Photon Cannon  
  138  9:10  Photon Cannon  
  138  9:14  Photon Cannon  
  138  9:17  High Templar  
  138  9:18  Stalker x3, High Templar  
  138  9:22  Archon  
  138  9:23  Probe  
  149  9:30  High Templar x2  
  153  9:34  Zealot x3  
  153  9:35  Probe, Archon  
  160  9:39  Protoss Ground Weapons Level 2 (Chrono Boost)  
  160  9:40  Pylon  
  160  9:44  Probe x2  
  162  9:47  Probe  
  159  9:56  Stalker x3  
  159  9:58  Stalker  
  167  10:05  Stalker x2  
  151  10:22  Archon x2  
  151  10:23  Archon  
  131  10:29  Protoss Ground Armor Level 3 (Chrono Boost)  
  123  10:35  Stalker  
  123  10:36  Stalker x6  
  123  10:37  Zealot  
  123  10:41  Gateway  
  139  10:46  Gateway  
  139  10:47  Colossus (Chrono Boost)  
  145  10:53  Probe x2  
  143  11:11  Archon  
  107  11:27  Zealot x2  
  107  11:28  Zealot x4  
  115  11:35  Colossus (Chrono Boost)  
  115  11:37  Robotics Facility  
  115  11:39  High Templar x3  
  127  11:40  Assimilator  
  127  11:45  Assimilator  
  127  11:48  Nexus, Robotics Facility  
  117  12:16  Stalker x4  
  117  12:17  Stalker  
  117  12:22  Observer (Chrono Boost)  
  114  12:34  Protoss Ground Weapons Level 3  
  114  12:36  Archon  
  108  12:40  Observer (Chrono Boost)  
  97  12:50  Zealot x6  
  97  12:51  Stalker, Colossus (Chrono Boost), Zealot  
  115  12:59  Colossus (Chrono Boost)  
  115  13:00  Zealot x2  
  123  13:12  Pylon  
  119  13:16  Pylon  
  119  13:17  High Templar x4  
  119  13:18  Zealot x2, High Templar  
  119  13:19  Zealot  
  133  13:26  Observer Gravitic Boosters, Resonating Glaives  
  134  13:28  Observer (Chrono Boost)  
  128  13:39  Stalker x3  
  128  13:40  Zealot  
  128  13:45  Zealot  
  130  13:56  Zealot x2  
  130  13:57  Zealot x2  
  130  13:59  Zealot  
  140  14:06  High Templar x4  
  140  14:07  High Templar  
  150  14:12  Archon x2  
  150  14:19  Stalker x3  
  150  14:20  Stalker  
  156  14:31  Stalker  
  154  14:38  Stalker  
  154  14:39  Stalker x4  
  164  14:45  Photon Cannon  
  158  14:59  High Templar x3  
  152  15:01  Zealot x2  
  152  15:03  Archon  
  154  15:09  Assimilator  
  154  15:11  Assimilator  
  142  15:16  Zealot x3  
  142  15:17  Zealot x2, Archon  
  150  15:26  Zealot  
  140  15:37  Stalker  
  140  15:38  Stalker x4  
  140  15:39  Stalker  
  138  15:53  Stalker x2  
  138  15:54  Stalker x2  
  134  16:13  Zealot x4  
  134  16:14  Zealot x2  
  100  16:33  Stalker  
  100  16:34  Stalker x4  
  100  16:35  Stalker x3  
  94  16:42  Zealot  
  94  16:43  Zealot  
Tags
 
Add a new tag
Caveats
  • Supply blocks, unpowered buildings, or Contaminate may cause inaccurate times.
  • Supply counts are checked every 10 seconds.